 Dungeon Crawl Stone Soup version 0.29.1-15-g9cfb28693d (webtiles) character file.

Game seed: 9449884827426538731

81 croobank the Firebug (level 4, 0/31 HPs)
             Began as a Demonspawn Fire Elementalist on Mar 21, 2023.
             Slain by an orc wizard
             ... wielding a +0 dagger
              (2 damage)
             ... on level 2 of the Dungeon.
             The game lasted 00:06:09 (2198 turns).

croobank the Firebug (Demonspawn Fire Elementalist) Turns: 2198, Time: 00:06:10

Health: 0/31       AC:  2    Str:  8    XL:     4   Next: 20%
Magic:  1/7        EV: 12    Int: 18    God:
Gold:   56         SH:  0    Dex: 14    Spells: 5/8 levels left

rFire   . . .      SeeInvis .   d - +0 dagger
rCold   + . .      Faith    .   (no shield)
rNeg    . . .      Spirit   .   a - +0 robe
rPois   .          Reflect  .   (no helmet)
rElec   .          Harm     .   (no cloak)
rCorr   .          Rampage  .   (no gloves)
Will    .....                   (no boots)
Stlth   +.........              (no amulet)
HPRegen 0.10/turn               (no ring)
MPRegen 0.10/turn               (no ring)

@: confused, brilliant, hasted, very quick
A: icemail 1, powered by pain 1, condensation shield, cold resistance 1,
mutation resistance 1
a: no special abilities


You were on level 2 of the Dungeon.
You visited 1 branch of the dungeon, and saw 2 of its levels.

You collected 56 gold pieces.

Inventory:

Hand Weapons
 c - a +0 whip
 d - a +0 dagger (weapon)
Missiles
 i - 3 poisoned darts (quivered)
Armour
 a - a +0 robe (worn)
Scrolls
 g - a scroll of immolation {unknown}
 j - a scroll of identify {unknown}
 k - a scroll of silence {unknown}
 l - a scroll of magic mapping {unknown}
Potions
 b - a potion of magic
 h - a potion of mutation


   Skills:
 + Level 0.7 Fighting
 + Level 2.3 Dodging
 + Level 2.4 Stealth
 + Level 2.5 Spellcasting
 + Level 1.9 Conjurations
 + Level 3.1 Fire Magic


You had 5 spell levels left.
You knew the following spells:

 Your Spells              Type           Power      Damage    Failure   Level
a - Foxfire               Conj/Fire      68%        2x1d7     6%          1
b - Scorch                Fire           40%        2d7       7%          2

Your spell library contained the following spells:

 Spells                   Type           Power      Damage    Failure   Level
 Freeze                   Ice            12%        1d4       17%         1
 Conjure Flame            Conj/Fire      17%        6-21      19%         3
 Inner Flame              Hex/Fire       11%        N/A       26%         3
 Frozen Ramparts          Ice            6%         1d1       45%         3
 Flame Wave               Conj/Fire      17%        2d7       52%         4
 Hailstorm                Conj/Ice       8%         3d4       75%         4


Dungeon Overview and Level Annotations

Branches:
Dungeon (2/15)

Altars:


Innate Abilities, Weirdness & Mutations

A meltable icy envelope protects you from harm. (AC +0)
You sometimes gain a little power by taking damage.
A meltable shield of frost defends you. (SH +0)
Your flesh is cold resistant. (rC+)
You are somewhat resistant to further mutation.


Message History

You feel genetically stable.
You feel resistant to cold.
The orc wizard hits you but does no damage.
You bump into the rock wall.
You hit the orc wizard but do no damage.
The orc wizard is severely wounded.
The orc wizard hits you with a +0 dagger.
You bump into the rock wall.
The orc wizard gestures wildly while chanting.
The orc wizard flickers and vanishes!
Deactivating autopickup; reactivate with Ctrl-A.
You are too confused!
You miss something. You miss something.
You hear some strange, mumbled words.
You are more confused.
You're too confused to move!
You hear some strange, mumbled words.
Something tries to affect you, but you resist.
You hit something but do no damage. You miss something.
You hear some strange, mumbled words.
Something tries to affect you, but you resist.
You bump into the rock wall.
You hear some strange, mumbled words.
You are more confused.
You bump into the rock wall.
You barely miss something. Something hits you.
You bump into the rock wall.
You hear some strange, mumbled words.
A magic dart appears from out of thin air!
The magic dart hits you!
* * * LOW HITPOINT WARNING * * *
Non-targeted confused throw: 5 darts (poison)
Press: ? - help, Q - select action, (/) - cycle Dir - look around, f - activate You throw a poisoned dart.
Non-targeted confused throw: 4 darts (poison)
Press: ? - help, Q - select action, (/) - cycle Dir - look around, f - activate You throw a poisoned dart.
Something hits you.
You die...

######## #..@{oo# ####
###'####†# #...#
#.....#........#
#...###..≈..#........#
#...#.'.≈⌠≈.'........#
#.....#..≈..#.....o...
#.....#.....#......o..
#.....###'###........#
#.........'..........#


You could see 2 orcs.

Vanquished Creatures
  4 adders (D:2)
  2 dart slugs (D:1)
  An orc (D:2)
  3 bats (D:1)
  3 endoplasms
  2 giant cockroaches (D:1)
  3 hobgoblins (D:1)
  3 kobolds
  4 quokkas (D:1)
  2 ball pythons
  3 frilled lizards (D:1)
  6 goblins
  4 rats
40 creatures vanquished.

Vanquished Creatures (others)
  63 foxfires
63 creatures vanquished.

Grand Total: 103 creatures vanquished

Notes
Turn   | Place    | Note
-------+----------+-------------------------------------------
     0 | D:1      | croobank the Demonspawn Fire Elementalist began the quest
                  | for the Orb.
     0 | D:1      | Reached XP level 1. HP: 13/13 MP: 3/3
   239 | D:1      | Gained mutation: A meltable shield of frost defends you.
                  | (SH +0) [demonic ancestry]
   239 | D:1      | Reached XP level 2. HP: 19/19 MP: 3/5
   263 | D:1      | Learned a level 2 spell: Scorch
   850 | D:1      | Found a faded altar of an unknown god.
  1163 | D:1      | Gained mutation: You sometimes gain a little power by
                  | taking damage. [demonic ancestry]
  1163 | D:1      | Reached XP level 3. HP: 24/24 MP: 4/6
  1454 | D:1      | Reached skill level 3 in Fire Magic
  2004 | D:2      | Gained mutation: A meltable icy envelope protects you from
                  | harm. (AC +0) [demonic ancestry]
  2004 | D:2      | Reached XP level 4. HP: 31/31 MP: 1/7
  2184 | D:2      | Gained mutation: You are somewhat resistant to further
                  | mutation. [potion of mutation]
  2184 | D:2      | Gained mutation: Your flesh is cold resistant. (rC+)
                  | [potion of mutation]
  2198 | D:2      | Slain by an orc wizard

Illustrated notes

Levels and vault maps discovered:
D:1:      amcnicky_arrival_blooded_trapdoor, layout_loops_ring,
          hellmonk_ecumenical_altar_inner_sanctum
D:2:      cheibrodos_helix_gallery, layout_basic,
          hangedman_abyss_or_decor_stabs, kennysheep_generic_room_13

Skill      XL: |  1  2  3 |
---------------+----------+-----
Stealth        | 2 |  2.4
Dodging        | 2 |  2.3
Fire Magic     | 3 |  3.1
Fighting       | |  0.7
Spellcasting   | |  2.5
Conjurations   | |  1.9

Action                   |  1- 3 |  4- 6 || total
-------------------------+-------+-------++-------
Melee: Dagger            |    12 |    33 ||    45
       Whip              |     1 |       ||     1
       Unarmed           |     1 |       ||     1
Throw: Dart              |       |     2 ||     2
 Cast: Foxfire           |    34 |     3 ||    37
       Scorch            |    20 |     7 ||    27
  Use: Potion            |       |     3 ||     3
Armor: Robe              |     2 |     6 ||     8
Dodge: Dodged            |     6 |    19 ||    25
Block: Other             |     1 |     4 ||     5
